 Dungeon Crawl Stone Soup version 0.21.1-1-g345015f (webtiles) character file.

15990 tidbits the Martial Artist (level 12, -25/91 HPs)
             Began as a Gnoll Transmuter on Feb 14, 2018.
             Was a High Priest of Cheibriados.
             Annihilated by an orc warlord
             ... wielding a +0 long sword
              (31 damage)
             ... on level 2 of the Orcish Mines.
             The game lasted 01:16:21 (3233 turns).

tidbits the Martial Artist (Gnoll Transmuter)       Turns: 3233, Time: 01:16:22

Health: -25/91     AC: 10    Str: 28    XL:     12   Next: 32%
Magic:  2/24       EV: 21    Int: 30    God:    Cheibriados [*****.]
Gold:   123        SH:  0    Dex: 28    Spells: 4/28 levels left

rFire    . . .     SeeInvis +   w - +6 hand axe "Moen" {drain, rN+ MR++}
rCold    . . .     Gourm    .   (no shield)
rNeg     + . .     Faith    .   B - +3 troll leather armour {Snorg}
rPois    .         Spirit   .   (no helmet)
rElec    .         Reflect  .   C - +0 cloak
rCorr    .         Harm     .   G - +0 pair of gloves
MR       ++...                  (no boots)
Stlth    +++++.....             (no amulet)
HPRegen  0.65/turn              I - ring of see invisible
MPRegen  0.19/turn              (no ring)

@: very slightly contaminated, very slow
A: distributed training, fangs 1, talons 1, thin skeletal structure 1, sense
surroundings 1, strong 1, MP-powered wands, strong nose
a: Bend Time, Temporal Distortion, Slouch, Step From Time, Renounce Religion


You were on level 2 of the Orcish Mines.
You worshipped Cheibriados.
Cheibriados was extremely pleased with you.
You were not hungry.

You visited 3 branches of the dungeon, and saw 16 of its levels.
You visited 1 bazaar.

You collected 1155 gold pieces.
You spent 1032 gold pieces at shops.

Inventory:

Hand Weapons
 d - a +0 dagger
 h - a +1 battleaxe of distortion
   (You took it off an orc warrior on level 1 of the Orcish Mines)
 l - a +0 war axe
 p - a +1 scimitar of flaming
   (You took it off Erica on level 8 of the Dungeon)
 q - a +1 hand axe of venom
   (You found it on level 7 of the Dungeon)
 w - the +6 hand axe "Moen" (weapon) {drain, rN+ MR++}
   (You found it on level 9 of the Dungeon)

   A truly terrible weapon, it drains the life of those it strikes.
   It protects you from negative energy.
   It affects your resistance to hostile enchantments.
 x - a +2 dagger of draining
   (You took it off an orc on level 9 of the Dungeon)
Missiles
 e - 88 stones
 f - 9 tomahawks (quivered)
 N - 50 arrows
Armour
 a - a +2 ring mail of cold resistance
   (You found it on level 11 of the Dungeon)
 b - a +0 robe
 t - a +2 robe of fire resistance
   (You took it off an orc sorcerer on level 1 of the Orcish Mines)
 y - a +0 shield
 B - a +3 troll leather armour (worn) {Snorg}
 C - a +0 cloak (worn)
 G - a +0 pair of gloves (worn)
 K - a +2 robe of cold resistance
   (You took it off Blork the orc on level 6 of the Dungeon)
Magical Staves
 m - an uncursed staff of death
   (You found it on level 7 of the Dungeon)
Jewellery
 I - a ring of see invisible (left hand)
   (You found it on level 5 of the Dungeon)
Wands
 E - a wand of paralysis (7)
 J - a wand of flame (10)
Scrolls
 g - a scroll of immolation
 i - a scroll of enchant weapon
 k - a scroll of blinking
 o - 2 scrolls of magic mapping
 u - 4 scrolls of amnesia
 D - a scroll of fog {unknown}
 M - a scroll of random uselessness {unknown}
 Q - a scroll of vulnerability
Potions
 n - a potion of brilliance
 z - a potion of ambrosia
Books
 j - a book of Changes

   Spells                             Type                      Level
   a - Beastly Appendage              Transmutation                1
   b - Sticks to Snakes               Transmutation                2
   c - Spider Form                    Transmutation/Poison         3
   d - Ice Form                       Ice/Transmutation            4
   e - Blade Hands                    Transmutation                5
 r - a book of Misfortune
   (You found it on level 7 of the Dungeon)

   Spells                             Type                      Level
   a - Confusing Touch                Hexes                        1
   b - Confuse                        Hexes                        3
   c - Gell's Gravitas                Translocation                3
   d - Petrify                        Transmutation/Earth          4
   e - Metabolic Englaciation         Hexes/Ice                    5
   f - Yara's Violent Unravelling     Hexes/Transmutation          5
 s - a book of Debilitation
   (You found it on level 8 of the Dungeon)

   Spells                             Type                      Level
   a - Corona                         Hexes                        1
   b - Slow                           Hexes                        2
   c - Inner Flame                    Hexes/Fire                   3
   d - Portal Projectile              Hexes/Translocation          3
   e - Cause Fear                     Hexes                        4
   f - Leda's Liquefaction            Hexes/Earth                  4
 v - a book of Necromancy
   (You bought it in a shop on level 12 of the Dungeon)

   Spells                             Type                      Level
   a - Pain                           Necromancy                   1
   b - Animate Skeleton               Necromancy                   1
   c - Vampiric Draining              Necromancy                   3
   d - Regeneration                   Charms/Necromancy            3
   e - Animate Dead                   Necromancy                   4
   f - Borgnjor's Vile Clutch         Necromancy/Earth             5
 F - a book of Callings
   (You found it on level 10 of the Dungeon)

   Spells                             Type                      Level
   a - Summon Small Mammal            Summoning                    1
   b - Call Imp                       Summoning                    2
   c - Call Canine Familiar           Summoning                    3
   d - Summon Guardian Golem          Hexes/Summoning              3
   e - Summon Lightning Spire         Summoning/Air                4
   f - Summon Ice Beast               Ice/Summoning                4
 H - a book of Party Tricks
   (You found it on level 12 of the Dungeon)

   Spells                             Type                      Level
   a - Summon Butterflies             Summoning                    1
   b - Apportation                    Translocation                1
   c - Lesser Beckoning               Translocation                3
   d - Tukima's Dance                 Hexes                        3
   e - Alistair's Intoxication        Transmutation/Poison         5
   f - Invisibility                   Hexes                        6
 L - a book of Conjurations
   (You found it on level 12 of the Dungeon)

   Spells                             Type                      Level
   a - Magic Dart                     Conjuration                  1
   b - Searing Ray                    Conjuration                  2
   c - Dazzling Spray                 Conjuration/Hexes            3
   d - Fulminant Prism                Conjuration/Hexes            4
   e - Force Lance                    Conjuration/Translocation    4
   f - Iskenderun's Mystic Blast      Conjuration                  4
Comestibles
 c - 6 rations


   Skills:
 + Level 7.6 Fighting
 + Level 7.0 Short Blades
 + Level 7.0 Long Blades
 + Level 7.0 Axes
 + Level 7.0 Maces & Flails
 + Level 7.0 Polearms
 + Level 7.0 Staves
 + Level 7.0 Slings
 + Level 7.0 Bows
 + Level 7.0 Crossbows
 + Level 7.0 Throwing
 + Level 7.0 Armour
 + Level 8.5 Dodging
 + Level 7.0 Stealth
 + Level 7.0 Shields
 + Level 9.7 Unarmed Combat
 + Level 8.7 Spellcasting
 + Level 5.8 Conjurations
 + Level 5.8 Hexes
 + Level 5.8 Charms
 + Level 5.8 Summonings
 + Level 5.8 Necromancy
 + Level 5.8 Translocations
 + Level 7.1 Transmutations
 + Level 5.8 Fire Magic
 + Level 5.8 Ice Magic
 + Level 5.8 Air Magic
 + Level 5.8 Earth Magic
 + Level 5.8 Poison Magic
 + Level 7.7 Invocations
 + Level 7.0 Evocations


You had 4 spell levels left.
You knew the following spells:

 Your Spells              Type           Power        Failure   Level  Hunger
c - Confuse               Hex            #####...     1%          3    None
e - Beastly Appendage     Tmut           ######       1%          1    None
h - Blade Hands           Tmut           ######....   6%          5    ####...
k - Sticks to Snakes      Tmut           ######..     1%          2    None
r - Regeneration          Chrm/Necr      #####.....   1%          3    None
v - Borgnjor's Vile Clut  Necr/Erth      #####.....   11%         5    ####...
A - Apportation           Tloc           #####.       1%          1    None
L - Summon Lightning Spi  Summ/Air       #####...     3%          4    None


Dungeon Overview and Level Annotations

Branches:
Dungeon (13/15)            Temple (1/1) D:6             Orc (2/2) D:9
   Lair: D:8-11         Elf: Orc:2       Vaults: D:13-14

Altars:
Cheibriados
Dithmenos
Elyvilon
Fedhas
Gozag
Hepliaklqana
Makhleb
Nemelex Xobeh
Okawaru
Qazlal
Trog
Uskayaw
Wu Jian
Xom
Yredelemnul
The Shining One

Shops:
D:9 =[   D:12 :[   Orc:1 }%[}[   Orc:2 *=[

Annotations:
D:12 exclusion: downstairs
Orc:2 troglodite's ghost, journeyman DsBe


Innate Abilities, Weirdness & Mutations

Your experience applies equally to all skills.
You have very sharp teeth.
Your uncanny sense of smell can sniff out nearby items.
You have sharp toenails.
You have a somewhat thin skeletal structure. (Dex +2, Stealth)
You passively map a small area around you.
Your muscles are strong. (Str +2)
You expend magic power (3 MP) to strengthen your wands.


Message History

Okay, then.
Unknown command.
Casting: Summon Lightning Spire
Confirm with . or Enter, or press ? or * to list all spells.
Your hands turn into razor-sharp scythe blades.
The +6 hand axe "Moen" {drain, rN+ MR++} melds into your body.
Your +0 pair of gloves melds into your body.
Your lightning spire shoots out a bolt of lightning at bobmail's ghost!
The bolt of electricity hits bobmail's ghost. x2
The bolt of electricity hits your lightning spire.
Your lightning spire completely resists.
Bobmail's ghost hits your lightning spire!
Unknown command.
You catch the helpless bobmail's ghost completely off-guard!
You slash bobmail's ghost!
You claw bobmail's ghost, but do no damage.
Bobmail's ghost is almost destroyed.
The orc knight misses you.
Unknown command.
You closely miss bobmail's ghost.
You claw bobmail's ghost, but do no damage.
You bite bobmail's ghost, but do no damage.
Bobmail's ghost is almost destroyed.
Bobmail's ghost hits you but does no damage.
The orc knight roars a battlecry!
Your lightning spire shoots out a bolt of lightning at bobmail's ghost!
The bolt of electricity hits bobmail's ghost. x2
Bobmail's ghost is destroyed!
Cheibriados thoroughly appreciates the change of pace.
Your life force feels restored.
Your Short Blades skill increases to level 7!
Your Long Blades skill increases to level 7!
Your Axes skill increases to level 7!
Your Maces & Flails skill increases to level 7!
Your Polearms skill increases to level 7!
Your Staves skill increases to level 7!
Your Slings skill increases to level 7!
Your Bows skill increases to level 7!
Your Crossbows skill increases to level 7!
Your Throwing skill increases to level 7!
Your Armour skill increases to level 7!
Your Stealth skill increases to level 7!
Your Shields skill increases to level 7!
Your Evocations skill increases to level 7!
The bolt of electricity hits your lightning spire.
Your lightning spire completely resists.
Unknown command.
Okay, then.
Unknown command.
Okay, then.
Unknown command.
Okay, then.
Okay, then.
Unknown command.
Okay, then.
Okay, then.
Blink to where?
Press: ? - help, Dir - move target cursor
As you read the scroll of blinking, it crumbles to dust.
The orc warlord roars a battlecry!
The orc knight goes into a battle-frenzy!
Your transformation is almost over.
The orc knight completely misses you.
Okay, then.
Unknown command.
Okay, then.
Unknown command.
Okay, then.
Unknown command.
Unknown command.
You completely miss the orc knight. You claw the orc knight.
The orc knight is lightly wounded.
The orc knight hits you with a great sword!
You slice the orc knight!!
You claw the orc knight, but do no damage.
The orc knight is moderately wounded.
The orc knight hits you with a great sword!!
* * * LOW HITPOINT WARNING * * *
You slice the orc knight!!
You claw the orc knight, but do no damage.
The orc knight is severely wounded.
You hit the orc knight. Your kick misses the orc knight.
The orc knight is severely wounded.
The orc knight barely misses you.
The orc warlord hits you with a long sword!!!
* * * LOW HITPOINT WARNING * * *
You hear a shout!
You hit the orc knight. You claw the orc knight.
Your slash misses the orc knight. Your bite misses the orc knight.
The orc knight is almost dead.
You slash the orc knight!
You kill the orc knight!
Cheibriados appreciates the change of pace.
Your hands revert to their normal proportions.
The +6 hand axe "Moen" {drain, rN+ MR++} unmelds from your body.
Your +0 pair of gloves unmelds from your body.
You sense an unholy aura.
A bolt of electricity appears from out of your range of vision.
The bolt of electricity hits the orc warrior.
The orc warlord hits you with a long sword!!
You die... ........................# ...............÷.......#* PP.. ∩..o.W8......[........# , .... ....................... oO.. ..hP.o(...o.........#.* ,oPP.

8P...##..h.....)...##*
, ∩oo.
.....##...#...W...## ,
o...
.PP###...###....o.## ,
.... ...# ##.##
##.#)@.<# ∆, ,, ....
..## ###
#..###..[..(... .... *
##.* #.[.(.(... , ....
, *.. ..........,
*.... *#.
.......(...,, #.#. *
#####.....(... # ## *
#......... #
##........ * .


You could see an orc warlord, a warg, an orc warrior and troglodite's ghost.

Vanquished Creatures
  Snorg (Orc:2)
  A rakshasa (D:12)
  Erica (D:8)
  A two-headed ogre (D:9)
  An orc high priest (Orc:1)
  4 orc knights
  2 orc sorcerers (Orc:1)
  A cyclops (D:12)
  3 gargoyles
  A komodo dragon (D:12)
  A troll (Orc:1)
  A hornet (D:8)
  A hippogriff (D:12)
  11 yaks
  2 hungry ghosts
  3 wargs
  A soldier ant (D:11)
  2 eyes of draining
  16 orc warriors
  2 sky beasts
  2 phantoms
  2 black bears (D:10)
  8 ogres
  Blork the orc (D:6)
  6 bullfrogs
  A gnoll sergeant (D:8)
  A wyvern zombie (D:9)
  Dowan (D:6)
  A wyvern skeleton (D:8)
  A scorpion (D:8)
  4 killer bees (D:10)
  4 howler monkeys
  A crimson imp (D:10)
  4 jellies
  5 hounds
  6 orc priests
  A bullfrog skeleton (D:10)
  9 orc wizards
  2 iguanas
  5 worker ants
  3 hound skeletons
  A worker ant zombie (D:5)
  2 gnolls (D:8)
  5 adders
  2 shadow imps
  2 worms
  3 leopard geckos
  34 orcs
  A bat (D:1)
  A giant cockroach (D:6)
  A goblin (D:3)
  A jackal (D:3)
  A kobold (D:3)
  3 quokkas
  A jackal zombie (D:6)
  A rat (D:3)
183 creatures vanquished.

Vanquished Creatures (collateral kills)
  The ghost of bobmail the Warrior, a journeyman MiBe of Trog (Orc:2)
  An orc sorcerer (Orc:2)
  2 wargs
  Duvessa (D:6)
  4 orc warriors
  An ogre (Orc:1)
  A bullfrog (D:9)
  A scorpion (D:12)
  A howler monkey (D:11)
  3 orc priests (Orc:1)
  An iguana (D:11)
  2 orc wizards (Orc:1)
  A worker ant zombie (D:7)
  A gnoll (D:8)
  10 orcs
  A giant cockroach (D:6)
  2 jackals (D:3)
  A quokka (D:6)
  A bat (D:3)
36 creatures vanquished.

Vanquished Creatures (others)
  3 fungi (Orc:2)
3 creatures vanquished.

Grand Total: 222 creatures vanquished

Notes
Turn   | Place    | Note
-------+----------+-------------------------------------------
     0 | D:1      | tidbits the Gnoll Transmuter began the quest for the Orb.
     0 | D:1      | Reached XP level 1. HP: 17/17 MP: 6/6
   107 | D:3      | Reached XP level 2. HP: 13/23 MP: 7/7
   111 | D:3      | Learned a level 2 spell: Sticks to Snakes
   175 | D:3      | Reached skill level 5 in Spellcasting
   175 | D:3      | Reached XP level 3. HP: 16/28 MP: 6/9
   180 | D:3      | Learned a level 3 spell: Spider Form
   196 | D:2      | Found a sparkling altar of Nemelex Xobeh.
   196 | D:2      | Found a hide-covered altar of Uskayaw.
   196 | D:2      | Found a basalt altar of Yredelemnul.
   196 | D:2      | Found a hazy altar of Hepliaklqana.
   357 | D:5      | Entered Level 5 of the Dungeon
   413 | D:6      | Reached skill level 1 in Short Blades
   413 | D:6      | Reached skill level 1 in Long Blades
   413 | D:6      | Reached skill level 1 in Axes
   413 | D:6      | Reached skill level 1 in Maces & Flails
   413 | D:6      | Reached skill level 1 in Polearms
   413 | D:6      | Reached skill level 1 in Staves
   413 | D:6      | Reached skill level 1 in Slings
   413 | D:6      | Reached skill level 1 in Bows
   413 | D:6      | Reached skill level 1 in Crossbows
   413 | D:6      | Reached skill level 1 in Throwing
   413 | D:6      | Reached skill level 1 in Armour
   413 | D:6      | Reached skill level 1 in Stealth
   413 | D:6      | Reached skill level 1 in Shields
   413 | D:6      | Reached skill level 1 in Invocations
   413 | D:6      | Reached skill level 1 in Evocations
   413 | D:6      | Reached XP level 4. HP: 32/34 MP: 4/11
   426 | D:6      | Noticed Blork the orc
   433 | D:6      | Killed Blork the orc
   433 | D:6      | Reached skill level 1 in Conjurations
   433 | D:6      | Reached skill level 1 in Hexes
   433 | D:6      | Reached skill level 1 in Charms
   433 | D:6      | Reached skill level 1 in Summonings
   433 | D:6      | Reached skill level 1 in Necromancy
   433 | D:6      | Reached skill level 1 in Translocations
   433 | D:6      | Reached skill level 1 in Fire Magic
   433 | D:6      | Reached skill level 1 in Ice Magic
   433 | D:6      | Reached skill level 1 in Air Magic
   433 | D:6      | Reached skill level 1 in Earth Magic
   433 | D:6      | Reached skill level 1 in Poison Magic
   433 | D:6      | Reached XP level 5. HP: 21/40 MP: 3/12
   458 | D:5      | Gained mutation: Your spells are a little easier to cast, but a little less powerful. [potion of mutation]
   458 | D:5      | Gained mutation: You expend magic power (3 MP) to strengthen your wands. [potion of mutation]
   458 | D:5      | Gained mutation: You passively map a small area around you. [potion of mutation]
   494 | D:5      | Reached skill level 3 in Fighting
   494 | D:5      | Reached skill level 4 in Transmutations
   542 | D:5      | Found a shimmering altar of Xom.
   544 | D:5      | Noticed a sky beast
   550 | D:5      | Noticed an ice beast
   559 | D:5      | Killed a sky beast
   559 | D:5      | Reached skill level 2 in Invocations
   559 | D:5      | Reached XP level 6. HP: 31/47 MP: 7/13
   591 | D:6      | Reached skill level 2 in Short Blades
   591 | D:6      | Reached skill level 2 in Long Blades
   591 | D:6      | Reached skill level 2 in Axes
   591 | D:6      | Reached skill level 2 in Maces & Flails
   591 | D:6      | Reached skill level 2 in Polearms
   591 | D:6      | Reached skill level 2 in Staves
   591 | D:6      | Reached skill level 2 in Slings
   591 | D:6      | Reached skill level 2 in Bows
   591 | D:6      | Reached skill level 2 in Crossbows
   591 | D:6      | Reached skill level 2 in Throwing
   591 | D:6      | Reached skill level 2 in Armour
   591 | D:6      | Reached skill level 5 in Dodging
   591 | D:6      | Reached skill level 2 in Stealth
   591 | D:6      | Reached skill level 2 in Shields
   591 | D:6      | Reached skill level 2 in Evocations
   639 | D:6      | Found a staircase to the Ecumenical Temple.
   646 | D:6      | Reached XP level 7. HP: 24/52 MP: 8/15
   661 | Temple   | Entered the Ecumenical Temple
   702 | Temple   | Became a worshipper of Cheibriados the Contemplative
   725 | Temple   | Lost mutation: Your spells are a little easier to cast, but a little less powerful. [potion of mutation]
   725 | Temple   | Gained mutation: You have sharp toenails. [potion of mutation]
   725 | Temple   | Gained mutation: Your muscles are strong. (Str +2) [potion of mutation]
   725 | Temple   | Gained mutation: You have a somewhat thin skeletal structure. (Dex +2, Stealth) [potion of mutation]
   756 | D:6      | Reached skill level 7 in Unarmed Combat
   818 | D:6      | Noticed Duvessa
   818 | D:6      | Noticed Dowan
   824 | D:6      | Killed Duvessa
   824 | D:6      | Reached skill level 2 in Conjurations
   824 | D:6      | Reached skill level 2 in Hexes
   824 | D:6      | Reached skill level 2 in Charms
   824 | D:6      | Reached skill level 2 in Summonings
   824 | D:6      | Reached skill level 2 in Necromancy
   824 | D:6      | Reached skill level 2 in Translocations
   824 | D:6      | Reached skill level 2 in Fire Magic
   824 | D:6      | Reached skill level 2 in Ice Magic
   824 | D:6      | Reached skill level 2 in Air Magic
   824 | D:6      | Reached skill level 2 in Earth Magic
   824 | D:6      | Reached skill level 2 in Poison Magic
   827 | D:6      | Killed Dowan
   863 | D:7      | Found an iron altar of Okawaru.
   880 | D:7      | Reached skill level 3 in Invocations
   928 | D:7      | Reached * piety under Cheibriados
   933 | D:7      | Reached XP level 8. HP: 32/60 MP: 11/16
  1015 | D:7      | Learned a level 3 spell: Confuse
  1031 | D:7      | Reached skill level 4 in Fighting
  1031 | D:7      | Reached skill level 3 in Short Blades
  1031 | D:7      | Reached skill level 3 in Long Blades
  1031 | D:7      | Reached skill level 3 in Axes
  1031 | D:7      | Reached skill level 3 in Maces & Flails
  1031 | D:7      | Reached skill level 3 in Polearms
  1031 | D:7      | Reached skill level 3 in Staves
  1031 | D:7      | Reached skill level 3 in Slings
  1031 | D:7      | Reached skill level 3 in Bows
  1031 | D:7      | Reached skill level 3 in Crossbows
  1031 | D:7      | Reached skill level 3 in Throwing
  1031 | D:7      | Reached skill level 3 in Armour
  1031 | D:7      | Reached skill level 3 in Stealth
  1031 | D:7      | Reached skill level 3 in Shields
  1031 | D:7      | Reached skill level 3 in Evocations
  1103 | D:9      | Found Ickey's Jewellery Emporium.
  1117 | D:9      | Got a dazzling hand axe
  1118 | D:9      | Identified the +6 hand axe "Moen" {drain, rN+ MR++} (You found it on level 9 of the Dungeon)
  1158 | D:8      | Reached skill level 6 in Spellcasting
  1178 | D:8      | Noticed Erica
  1179 | D:8      | Noticed a hornet
  1188 | D:8      | Killed Erica
  1188 | D:8      | Reached skill level 6 in Dodging
  1188 | D:8      | Reached skill level 3 in Conjurations
  1188 | D:8      | Reached skill level 3 in Hexes
  1188 | D:8      | Reached skill level 3 in Charms
  1188 | D:8      | Reached skill level 3 in Summonings
  1188 | D:8      | Reached skill level 3 in Necromancy
  1188 | D:8      | Reached skill level 3 in Translocations
  1188 | D:8      | Reached skill level 5 in Transmutations
  1188 | D:8      | Reached skill level 3 in Fire Magic
  1188 | D:8      | Reached skill level 3 in Ice Magic
  1188 | D:8      | Reached skill level 3 in Air Magic
  1188 | D:8      | Reached skill level 3 in Earth Magic
  1188 | D:8      | Reached skill level 3 in Poison Magic
  1188 | D:8      | Reached skill level 4 in Invocations
  1188 | D:8      | Reached XP level 9. HP: 52/66 MP: 3/18
  1264 | D:8      | Found an opulent altar of Gozag.
  1298 | D:9      | Reached ** piety under Cheibriados
  1298 | D:9      | Reached skill level 4 in Short Blades
  1298 | D:9      | Reached skill level 4 in Long Blades
  1298 | D:9      | Reached skill level 4 in Axes
  1298 | D:9      | Reached skill level 4 in Maces & Flails
  1298 | D:9      | Reached skill level 4 in Polearms
  1298 | D:9      | Reached skill level 4 in Staves
  1298 | D:9      | Reached skill level 4 in Slings
  1298 | D:9      | Reached skill level 4 in Bows
  1298 | D:9      | Reached skill level 4 in Crossbows
  1298 | D:9      | Reached skill level 4 in Throwing
  1298 | D:9      | Reached skill level 4 in Armour
  1298 | D:9      | Reached skill level 4 in Stealth
  1298 | D:9      | Reached skill level 4 in Shields
  1298 | D:9      | Reached skill level 4 in Evocations
  1372 | D:9      | Reached skill level 5 in Fighting
  1377 | D:9      | Found a shadowy altar of Dithmenos.
  1426 | D:9      | Found a staircase to the Orcish Mines.
  1464 | D:10     | Entered Level 10 of the Dungeon
  1491 | D:9      | Found Heireqot's Armour Boutique.
  1492 | D:9      | Noticed a two-headed ogre
  1496 | D:9      | Killed a two-headed ogre
  1496 | D:9      | Reached skill level 8 in Unarmed Combat
  1496 | D:9      | Reached skill level 5 in Invocations
  1507 | D:9      | Reached XP level 10. HP: 33/74 MP: 6/20
  1555 | D:10     | Reached skill level 7 in Spellcasting
  1594 | D:8      | Reached skill level 4 in Conjurations
  1594 | D:8      | Reached skill level 4 in Hexes
  1594 | D:8      | Reached skill level 4 in Charms
  1594 | D:8      | Reached skill level 4 in Summonings
  1594 | D:8      | Reached skill level 4 in Necromancy
  1594 | D:8      | Reached skill level 4 in Translocations
  1594 | D:8      | Reached skill level 4 in Fire Magic
  1594 | D:8      | Reached skill level 4 in Ice Magic
  1594 | D:8      | Reached skill level 4 in Air Magic
  1594 | D:8      | Reached skill level 4 in Earth Magic
  1594 | D:8      | Reached skill level 4 in Poison Magic
  1702 | D:9      | Learned a level 5 spell: Blade Hands
  1706 | Orc:1    | Entered Level 1 of the Orcish Mines
  1706 | Orc:1    | Found Oshruq's Food Emporium.
  1706 | Orc:1    | Found Humnaesu's Gadget Boutique.
  1709 | Orc:1    | Bought a wand of paralysis (12) for 168 gold pieces
  1709 | Orc:1    | Bought a wand of acid (6) for 240 gold pieces
  1754 | D:10     | Reached *** piety under Cheibriados
  1765 | D:10     | Reached skill level 5 in Short Blades
  1765 | D:10     | Reached skill level 5 in Long Blades
  1765 | D:10     | Reached skill level 5 in Axes
  1765 | D:10     | Reached skill level 5 in Maces & Flails
  1765 | D:10     | Reached skill level 5 in Polearms
  1765 | D:10     | Reached skill level 5 in Staves
  1765 | D:10     | Reached skill level 5 in Slings
  1765 | D:10     | Reached skill level 5 in Bows
  1765 | D:10     | Reached skill level 5 in Crossbows
  1765 | D:10     | Reached skill level 5 in Throwing
  1765 | D:10     | Reached skill level 5 in Armour
  1765 | D:10     | Reached skill level 5 in Stealth
  1765 | D:10     | Reached skill level 5 in Shields
  1765 | D:10     | Reached skill level 5 in Evocations
  1846 | D:10     | Noticed a gargoyle
  1864 | D:10     | Killed a gargoyle
  1864 | D:10     | Reached skill level 7 in Dodging
  1978 | D:10     | Learned a level 4 spell: Summon Lightning Spire
  2030 | D:12     | Learned a level 1 spell: Apportation
  2048 | D:12     | Found Conudo's Armour Shop.
  2085 | D:11     | Noticed a green ugly thing
  2087 | D:11     | Noticed a gargoyle
  2087 | D:12     | Noticed a gargoyle
  2089 | D:12     | Killed a gargoyle
  2089 | D:12     | Reached skill level 6 in Fighting
  2093 | D:12     | Noticed a six-headed hydra
  2100 | D:12     | Noticed a rakshasa
  2103 | D:12     | Noticed a cyclops
  2112 | D:12     | Reached **** piety under Cheibriados
  2119 | D:12     | Found a flickering gateway to a bazaar.
  2123 | Bazaar   | Entered a bazaar
  2123 | Bazaar   | Found Roril's Assorted Antiques.
  2123 | Bazaar   | Found Kugux's General Store.
  2123 | Bazaar   | Found Cesygub's Gadget Boutique.
  2123 | Bazaar   | Found Etetoi's Magic Scroll Boutique.
  2123 | Bazaar   | Found Giunow's Weapon Shop.
  2141 | Bazaar   | Bought 30 arrows for 48 gold pieces
  2143 | Bazaar   | Bought a throwing net for 24 gold pieces
  2143 | Bazaar   | Bought a scroll of identify for 16 gold pieces
  2145 | Bazaar   | Bought a scroll labeled DAH XUINET for 26 gold pieces
  2163 | D:12     | Killed a rakshasa
  2163 | D:12     | Reached skill level 6 in Transmutations
  2163 | D:12     | Reached skill level 6 in Invocations
  2166 | D:12     | Killed a cyclops
  2185 | D:12     | Found Wemiq's Book Shoppe.
  2272 | D:11     | Reached XP level 11. HP: 63/82 MP: 20/22
  2366 | D:10     | Reached skill level 9 in Unarmed Combat
  2369 | D:10     | Reached skill level 6 in Short Blades
  2369 | D:10     | Reached skill level 6 in Long Blades
  2369 | D:10     | Reached skill level 6 in Axes
  2369 | D:10     | Reached skill level 6 in Maces & Flails
  2369 | D:10     | Reached skill level 6 in Polearms
  2369 | D:10     | Reached skill level 6 in Staves
  2369 | D:10     | Reached skill level 6 in Slings
  2369 | D:10     | Reached skill level 6 in Bows
  2369 | D:10     | Reached skill level 6 in Crossbows
  2369 | D:10     | Reached skill level 6 in Throwing
  2369 | D:10     | Reached skill level 6 in Armour
  2369 | D:10     | Reached skill level 6 in Stealth
  2369 | D:10     | Reached skill level 6 in Shields
  2369 | D:10     | Reached skill level 6 in Evocations
  2374 | D:10     | Reached skill level 5 in Conjurations
  2374 | D:10     | Reached skill level 5 in Hexes
  2374 | D:10     | Reached skill level 5 in Charms
  2374 | D:10     | Reached skill level 5 in Summonings
  2374 | D:10     | Reached skill level 5 in Necromancy
  2374 | D:10     | Reached skill level 5 in Translocations
  2374 | D:10     | Reached skill level 5 in Fire Magic
  2374 | D:10     | Reached skill level 5 in Ice Magic
  2374 | D:10     | Reached skill level 5 in Air Magic
  2374 | D:10     | Reached skill level 5 in Earth Magic
  2374 | D:10     | Reached skill level 5 in Poison Magic
  2496 | Orc:1    | Found Qeoll's Antique Armour Emporium.
  2510 | Orc:1    | Reached ***** piety under Cheibriados
  2510 | Orc:1    | Reached skill level 8 in Spellcasting
  2531 | Orc:1    | Found Mubifokk's Antique Armour Emporium.
  2533 | Orc:1    | Noticed an orc high priest
  2535 | Orc:1    | Noticed an orc sorcerer
  2540 | Orc:1    | Killed an orc high priest
  2541 | Orc:1    | Killed an orc sorcerer
  2574 | Orc:1    | Found Ehios's Gadget Shoppe.
  2611 | Orc:2    | Entered Level 2 of the Orcish Mines
  2611 | Orc:2    | Noticed an orc knight
  2612 | Orc:2    | Noticed bobmail's ghost (journeyman MiBe)
  2628 | Orc:1    | Reached skill level 7 in Invocations
  2688 | Orc:2    | Noticed an orc knight
  2688 | Orc:2    | Noticed an orc sorcerer
  2688 | Orc:2    | Noticed Snorg
  2692 | Orc:2    | Noticed troglodite's ghost (journeyman DsBe)
  2694 | Orc:2    | Noticed an orc sorcerer
  2694 | Orc:2    | Killed Snorg
  2694 | Orc:2    | Reached skill level 7 in Fighting
  2694 | Orc:2    | Reached skill level 8 in Dodging
  2702 | Orc:1    | Killed an orc sorcerer
  2725 | Orc:2    | Found Hyeraite's Antique Armour Shoppe.
  2725 | Orc:2    | Noticed an orc warlord
  2725 | Orc:2    | Noticed an orc knight
  2725 | Orc:2    | Noticed an orc sorcerer
  2725 | Orc:2    | Noticed an orc knight
  2840 | D:12     | Bought a book of Necromancy for 510 gold pieces
  2845 | D:12     | Learned a level 3 spell: Regeneration
  2851 | D:12     | Learned a level 5 spell: Borgnjor's Vile Clutch
  2971 | Orc:1    | Killed an orc knight
  3017 | Orc:2    | Reached XP level 12. HP: 90/91 MP: 13/24
  3183 | Orc:2    | Reached skill level 7 in Transmutations
  3187 | Orc:2    | Found Wuyck's General Store.
  3200 | Orc:2    | Found Virin's Jewellery Shoppe.
  3224 | Orc:2    | Killed bobmail's ghost
  3224 | Orc:2    | Reached skill level 7 in Short Blades
  3224 | Orc:2    | Reached skill level 7 in Long Blades
  3224 | Orc:2    | Reached skill level 7 in Axes
  3224 | Orc:2    | Reached skill level 7 in Maces & Flails
  3224 | Orc:2    | Reached skill level 7 in Polearms
  3224 | Orc:2    | Reached skill level 7 in Staves
  3224 | Orc:2    | Reached skill level 7 in Slings
  3224 | Orc:2    | Reached skill level 7 in Bows
  3224 | Orc:2    | Reached skill level 7 in Crossbows
  3224 | Orc:2    | Reached skill level 7 in Throwing
  3224 | Orc:2    | Reached skill level 7 in Armour
  3224 | Orc:2    | Reached skill level 7 in Stealth
  3224 | Orc:2    | Reached skill level 7 in Shields
  3224 | Orc:2    | Reached skill level 7 in Evocations
  3231 | Orc:2    | HP: 5/91 [orc warlord/long sword (36)]
  3233 | Orc:2    | Annihilated by an orc warlord

Skill      XL: |  1  2  3  4  5  6  7  8  9 10 11 12 |
---------------+-------------------------------------+-----
Spellcasting   | 5 6 7 8 |  8.7
Short Blades   | 1 2 3 4 5 6 7 |  7.0
Long Blades    | 1 2 3 4 5 6 7 |  7.0
Axes           | 1 2 3 4 5 6 7 |  7.0
Maces & Flails | 1 2 3 4 5 6 7 |  7.0
Polearms       | 1 2 3 4 5 6 7 |  7.0
Staves         | 1 2 3 4 5 6 7 |  7.0
Slings         | 1 2 3 4 5 6 7 |  7.0
Bows           | 1 2 3 4 5 6 7 |  7.0
Crossbows      | 1 2 3 4 5 6 7 |  7.0
Throwing       | 1 2 3 4 5 6 7 |  7.0
Armour         | 1 2 3 4 5 6 7 |  7.0
Stealth        | 1 2 3 4 5 6 7 |  7.0
Shields        | 1 2 3 4 5 6 7 |  7.0
Invocations    | 1 2 3 4 5 6 7 |  7.7
Evocations     | 1 2 3 4 5 6 7 |  7.0
Conjurations   | 1 2 3 4 5 |  5.8
Hexes          | 1 2 3 4 5 |  5.8
Charms         | 1 2 3 4 5 |  5.8
Summonings     | 1 2 3 4 5 |  5.8
Necromancy     | 1 2 3 4 5 |  5.8
Translocations | 1 2 3 4 5 |  5.8
Fire Magic     | 1 2 3 4 5 |  5.8
Ice Magic      | 1 2 3 4 5 |  5.8
Air Magic      | 1 2 3 4 5 |  5.8
Earth Magic    | 1 2 3 4 5 |  5.8
Poison Magic   | 1 2 3 4 5 |  5.8
Fighting       | 3 4 5 6 7 |  7.6
Transmutations | 4 5 6 7 |  7.1
Dodging        | 5 6 7 8 |  8.5
Unarmed Combat | 7 8 9 |  9.7

Action                   |  1- 3 |  4- 6 |  7- 9 | 10-12 || total
-------------------------+-------+-------+-------+-------++-------
Melee: Unarmed           |    39 |    32 |   167 |    89 ||   327
       Kick              |     2 |       |     7 |    84 ||    93
       Headbutt          |     1 |       |     4 |    30 ||    35
       Bite              |     1 |       |     3 |    26 ||    30
       Dagger            |       |       |     2 |       ||     2
       Punch             |       |       |     1 |    11 ||    12
       Hand axe          |       |       |    11 |   107 ||   118
Throw: Stone             |     2 |       |       |     2 ||     4
       Tomahawk          |       |       |       |    39 ||    39
       Throwing net      |       |       |       |     1 ||     1
 Cast: Beastly Appendage |     7 |       |     2 |    10 ||    19
       Sticks to Snakes  |     3 |     1 |     7 |     1 ||    12
       Spider Form       |     1 |     4 |    17 |     6 ||    28
       Confuse           |       |       |     3 |       ||     3
       Apportation       |       |       |       |    42 ||    42
       Summon Lightning  |       |       |       |    21 ||    21
       Blade Hands       |       |       |       |     5 ||     5
       Regeneration      |       |       |       |     4 ||     4
       Borgnjor's Vile C |       |       |       |     1 ||     1
Invok: Bend Time         |       |       |     2 |     1 ||     3
       Slouch            |       |       |       |     2 ||     2
Evoke: Wand              |       |     2 |     9 |    22 ||    33
  Use: Scroll            |     1 |     3 |     1 |    13 ||    18
       Potion            |     1 |     1 |     2 |     3 ||     7
 Stab: Sleeping          |     3 |       |     3 |     2 ||     8
       Distracted        |       |       |     3 |     9 ||    12
       Paralysed         |       |       |       |     1 ||     1
  Eat: Ration            |     1 |       |     1 |     3 ||     5
       Chunk             |       |       |     2 |       ||     2
Armor: Robe              |     7 |       |     4 |    18 ||    29
       Skin              |     2 |     1 |     2 |     1 ||     6
       Troll leather arm |       |       |       |     3 ||     3
Dodge: Dodged            |    32 |    25 |   135 |   182 ||   374

Table legend:
 A = Turns spent in this place as a percentage of turns spent in the entire game.
 B = Non-inter-level travel turns spent in this place as a percentage of non-inter-level travel turns spent in the entire game.
 C = Inter-level travel turns spent in this place as a percentage of turns spent in this place.
 D = Turns resting spent in this place as a percentage of non-inter-level travel turns spent in this place.
 E = Turns spent auto-exploring this place as a percentage of non-inter-level travel turns spent in this place.
 F = Non-inter-level travel turns spent in this place divided by the number of levels of this place that you've seen.
                   A       B       C       D       E      F
               +-------+-------+-------+-------+-------+----------------------
         Total | 100.0 | 100.0 |   7.0 |   0.0 |   0.0 | 176.9
       Dungeon |  78.9 |  79.9 |   5.7 |   0.0 |   0.0 | 184.9
        Temple |   2.0 |   1.8 |  18.2 |   0.0 |   0.0 |  54.0
  Orcish Mines |  18.0 |  17.1 |  11.5 |   0.0 |   0.0 | 257.0
        Bazaar |   1.1 |   1.2 |   0.0 |   0.0 |   0.0 |  36.0
               +-------+-------+-------+-------+-------+----------------------

Table legend:
 A = Kills in this place as a percentage of kills in entire the game.
 B = Kills by you in this place as a percentage of kills by you in the entire game.
 C = Kills by friends in this place as a percentage of kills by friends in the entire game.
 D = Other kills in this place as a percentage of other kills in the entire game.
 E = Experience gained in this place as a percentage of experience gained in the entire game.
 F = Experience gained in this place divided by the number of levels of this place that you have seen.
                   A       B       C       D       E      F
               +-------+-------+-------+-------+-------+----------------------
         Total | 100.0 | 100.0 | 100.0 |   N/A | 100.0 | 1343.7
       Dungeon |  71.2 |  76.5 |  44.4 |   N/A |  52.8 | 927.8
  Orcish Mines |  28.8 |  23.5 |  55.6 |   N/A |  47.2 | 5390.5
               +-------+-------+-------+-------+-------+----------------------

Vault maps used:
D:1:      eino_arrival_cavern_d
D:2:      nicolae_overflow_hidden_temple, first_ration, solitary_fountain,
          minivault_26
D:3:      lemuel_round_altar
D:4:      marbit_many_paths, lemuel_coloured_pillars_altar, uniq_grinder
D:5:      brannock_xom_greatest_gift
D:6:      nicolae_whirlpool, led_sif_pool, lemuel_crystal_altar,
          minmay_temple_entry_statues_pillars, uniq_duvessa, uniq_blork_the_orc
D:7:      okawaru_ov_weapons_minmay
D:8:      nicolae_gozag_seed_capital, david_lair_generic, uniq_maurice,
          uniq_erica
D:9:      lemuel_crystal_altar, lemuel_round_altar, hiddenorc2_lemuel,
          serial_shops, shop_coins, shop, shop_fountains
D:10:     basic_altar
D:11:     hangedman_fish_farm, minivault_8
D:12:     serial_shops, bzr_entry_road, kennysheep_little_box, shop, shop
D:13:     lightli_vaults_fourway_checkpoint
Temple:   zaba_magenta_temple
Orc:1:    serial_shops, nicolae_shop_crystal, shop_statue,
          nicolae_shop_waterfront, nicolae_shop_window_shopping, shop
Orc:2:    grunt_orc_gardens, grunt_orc_garden, grunt_orc_garden,
          grunt_orc_garden, grunt_orc_garden, uniq_snorg
Bazaar:   bazaar_minmay_trees
